 Dungeon Crawl Stone Soup version 0.23-a0-635-g88ca12a (console) character file.

17 Duffy the Firebug (level 2, 19/19 HPs)
             Began as a Demonspawn Fire Elementalist on Dec 27, 2018.
             Was an Initiate of Cheibriados.
             Quit the game on level 1 of the Dungeon.
             The game lasted 00:01:14 (581 turns).

Duffy the Firebug (Demonspawn Fire Elementalist)     Turns: 581, Time: 00:01:15

Health: 19/19      AC:  2    Str:  9    XL:     2   Next: 44%
Magic:  5/5        EV: 14    Int: 17    God:    Cheibriados [......]
Gold:   48         SH:  0    Dex: 14    Spells: 4/5 levels left

rFire    . . .     SeeInvis .   j - +0 spear
rCold    . . .     Gourm    .   (no shield)
rNeg     . . .     Faith    .   a - +0 robe
rPois    +         Spirit   .   (no helmet)
rElec    .         Reflect  .   (no cloak)
rCorr    .         Harm     .   (no gloves)
MR       +....                  (no boots)
Stlth    ++........             (no amulet)
HPRegen  0.06/turn              d - ring of poison resistance
MPRegen  0.09/turn              e - ring of protection from magic

@: very slow
A: repulsion field 1
a: Bend Time, Renounce Religion


You were on level 1 of the Dungeon.
You worshipped Cheibriados.
Cheibriados was noncommittal.
You were not hungry.

You visited 1 branch of the dungeon, and saw 2 of its levels.

You collected 48 gold pieces.

Inventory:

Hand Weapons
 g - a +0 dagger
 j - a +0 spear (weapon)
Armour
 a - a +0 robe (worn)
Jewellery
 d - a ring of poison resistance (left hand)
 e - a ring of protection from magic (right hand)
Scrolls
 b - 3 scrolls of remove curse {unknown}
 i - a scroll of identify {unknown}
Potions
 f - a potion of curing {unknown}
 h - a potion of agility {unknown}
Comestibles
 c - 3 rations


   Skills:
 - Level 1.7 Dodging
 - Level 1.7 Stealth
 - Level 2.0 Spellcasting
 + Level 2.5 Conjurations
 - Level 2.6 Fire Magic


You had 4 spell levels left.
You knew the following spells:

 Your Spells              Type           Power        Failure   Level  Hunger
h - Flame Tongue          Conj/Fire      ##...        7%          1    #......

Your spell library contained the following spells:

 Spells                   Type           Power        Failure   Level  Hunger
 Throw Flame              Conj/Fire      ##....       10%         2    ###....
 Conjure Flame            Conj/Fire      ##......     21%         3    ###....
 Inner Flame              Hex/Fire       #.......     32%         3    ###....
 Sticky Flame             Conj/Fire      ##......     54%         4    #####..
 Fireball                 Conj/Fire      ##........   88%         5    ######.


Dungeon Overview and Level Annotations

Branches:
Dungeon (2/15)

Altars:
Cheibriados

Annotations:
D:2 Robin


Innate Abilities, Weirdness & Mutations

You are surrounded by a mild repulsion field. (EV +2)


Message History

No target in view!
No target in view!
No target in view!
No target in view!
No target in view!
No target in view!
No target in view!
No target in view!
No target in view!
No target in view!
You see here a spear.
You see here a spear.
j - a spear Wield which item (- for none, * to show all)? (? for menu, Esc to quit)
j - a +0 spear (weapon)
All of the chunks of flesh in your inventory have rotted away.
h - a metallic purple potion A bat comes into view.
A bat is nearby!
Are you sure you want to abandon this character and quit the game? (Confirm ... ...... ###.##.....#....# ## #.... #.##....##....# 777

#..####.##....##....#
77~~~
###..)................#
7~~~~
#.............####....#
~~~~#77777#.............#
....#
~~~..7..>7#..#..........#
..# ~~.......7#.
#..........# .#
~~......77# #..@.......#
#
~~...7...7#.............#
~~..77..77#..#...###...##
~~.7.#...7#..^.)?# #...#
~........7#.#..... ...#
~.7..#...7# .....b ...#
~7.7....<7 ###.... .#
777#7#77#7 #....#


7 You could see a bat (sleeping).

Vanquished Creatures
  2 dart slugs (D:1)
  A bat (D:1)
  2 giant cockroaches (D:1)
  2 kobolds (D:1)
  4 goblins (D:1)
  A rat (D:1)
12 creatures vanquished.

Notes
Turn   | Place    | Note
-------+----------+-------------------------------------------
     0 | D:1      | Duffy the Demonspawn Fire Elementalist began the quest for
                  | the Orb.
     0 | D:1      | Reached XP level 1. HP: 13/13 MP: 3/3
    46 | D:2      | Noticed Robin
   195 | D:2      | Found a snail-covered altar of Cheibriados.
   209 | D:2      | Became a worshipper of Cheibriados the Contemplative
   345 | D:1      | Gained mutation: You are surrounded by a mild repulsion
                  | field. (EV +2) [demonic ancestry]
   345 | D:1      | Reached XP level 2. HP: 19/19 MP: 1/5
   581 | D:1      | Quit the game

Vault maps used:
D:1:      lemuel_arrival_river_ford
D:2:      cheibriados_altar_1, minmay_misc_feat_iff, uniq_crazy_yiuf_cottage,
          uniq_terence, uniq_robin, uniq_natasha

Skill      XL: |  1 |
---------------+----+-----
Conjurations   | 2 |  2.5
Dodging        | |  1.7
Stealth        | |  1.7
Spellcasting   | |  2.0
Fire Magic     | |  2.6

Action                   || total
-------------------------++-------
Melee: Dagger            ||    34
 Cast: Flame Tongue      ||    11
Armor: Robe              ||     7
Dodge: Dodged            ||    46

Table legend:
 A = Non-vault XP
 B = Vault XP
 C = Vault XP percentage of total XP
 D = Non-vault monster count
 E = Vault monster count
 F = Vault count percentage of total count
                 A         B        C        D         E       F
            +---------+---------+-------+---------+---------+-------
      Total |      25 |       0 |   0.0 |      12 |       0 |   0.0
            +---------+---------+-------+---------+---------+-------
        D:1 |      25 |       0 |   0.0 |      12 |       0 |   0.0
            +---------+---------+-------+---------+---------+-------
